 Dungeon Crawl Stone Soup version 0.30-a0-476-g330ca2eb8e (webtiles) character file.

Game seed: 10877863565919087553

225982 experimilk the Gelid (level 18, 0/217 HPs)
             Began as a Yellow Draconian Conjurer on Dec 20, 2022.
             Was a High Priest of Vehumet.
             Slain by Bai Suzhen (9 damage)
             ... on level 3 of the Shoals on Dec 21, 2022.
             The game lasted 03:30:09 (62961 turns).

experimilk the Gelid (Yellow Draconian Conjurer)   Turns: 62961, Time: 03:30:10

Health: 0/217      AC: 17    Str: 22    XL:     18   Next: 63%
Magic:  6/37       EV: 12    Int: 22    God:    Vehumet [*****.]
Gold:   5158       SH:  5    Dex:  8    Spells: 15/47 levels left

rFire   . . .      SeeInvis .    I - +11 war axe of Intense Absolution {speed, rElec rPois Str+5 Dex-3}
rCold   . . .      Faith    .    Z - +0 buckler
rNeg    . . .      Spirit   .    (body armour unavailable)
rPois   +          Reflect  .    T - +0 hat
rElec   +          Harm     .    l - +1 cloak
rCorr   +          Rampage  .    z - +2 pair of gloves
Will    ++...                    r - +1 pair of boots
Stlth   ..........               u - amulet of magic regeneration
HPRegen 0.56/turn                i - +6 ring of strength
MPRegen 0.65/turn                h - ring of willpower

@: berserking, short of breath, very quick
A: spit acid, AC +10, unfitting armour, acidic bite, cold-blooded, acid
resistance, dopey 1
}: 1/15 runes: gossamer
a: Breathe Acid, Renounce Religion


You were on level 3 of the Shoals.
You worshipped Vehumet.
Vehumet was extremely pleased with you.
You visited 7 branches of the dungeon, and saw 32 of its levels.

You collected 5866 gold pieces.
You spent 708 gold pieces at shops.

Inventory:

Hand Weapons
 a - a +4 broad axe of draining
 I - the +11 war axe of Intense Absolution (weapon) {speed, rElec rPois Str+5 Dex-3}
   (You found it on level 14 of the Dungeon)

   Attacks with this weapon are significantly faster.
   Str:       It affects your strength (+5).
   Dex:       It affects your dexterity (-3).
   rElec:     It insulates you from electricity.
   rPois:     It protects you from poison.
Armour
 l - a +1 cloak (worn)
 r - a +1 pair of boots (worn)
 z - a +2 pair of gloves (worn)
 T - a +0 hat (worn)
 Z - a +0 buckler (worn)
Jewellery
 c - an amulet of regeneration
 h - a ring of willpower (right hand)
 i - a +6 ring of strength (left hand)
 u - an amulet of magic regeneration (around neck)
 w - a ring of positive energy
 x - a ring of poison resistance
 y - a ring of see invisible
 S - a ring of ice
 X - a +4 ring of evasion
 Y - a +6 ring of dexterity
Wands
 d - a wand of digging (5)
 A - a wand of acid (12)
 D - a wand of flame (21)
 K - a wand of paralysis (22)
 M - a wand of mindburst (26)
 V - a wand of roots (6)
Scrolls
 b - 6 scrolls of fear
 e - 11 scrolls of magic mapping
 g - 3 scrolls of teleportation
 m - 6 scrolls of fog
 n - 4 scrolls of poison
 o - 4 scrolls of silence
 q - 7 scrolls of immolation
 F - 5 scrolls of amnesia
 L - a scroll of brand weapon
 N - 2 scrolls of enchant armour
 R - 2 scrolls of vulnerability
 U - 2 scrolls of butterflies
 W - a scroll of torment
Potions
 f - 3 potions of cancellation
 j - 10 potions of ambrosia
 k - 6 potions of mutation
 p - 4 potions of haste
 s - 8 potions of curing
 t - 7 potions of heal wounds
 v - 4 potions of resistance
 C - 3 potions of attraction
 E - 5 potions of flight
 G - a potion of invisibility
 H - 6 potions of lignification
 Q - 4 potions of might
Miscellaneous
 J - a tin of tremorstones (inert)
 O - a lightning rod (inert)


   Skills:
 - Level 9.0 Fighting
 + Level 7.1(7.4) Axes
 - Level 3.0(5.4) Maces & Flails
 - Level 6.0 Dodging
 - Level 1.7 Stealth
 + Level 7.4 Shields
 - Level 15.4 Spellcasting
 * Level 17.1 Conjurations
 - Level 2.1 Translocations
 - Level 18.0 Ice Magic
 - Level 6.0 Evocations


You had 15 spell levels left.
You knew the following spells:

 Your Spells              Type           Power      Damage    Failure   Level
a - Ozocubu's Refrigerat  Ice            38%        4d16      1%          7
b - Magic Dart            Conj           100%       1d8       0%          1
c - Freezing Cloud        Conj/Ice/Air   31%        6-21      1%          5
p - Blink                 Tloc           52%        N/A       2%          2
q - Ozocubu's Armour      Ice            77%        N/A       0%          3
s - Frozen Ramparts       Ice            100%       1d16      0%          3
x - Iskenderun's Mystic   Conj/Tloc      56%        2d12      1%          4
z - Orb of Destruction    Conj           37%        9d11      1%          7

Your spell library contained the following spells:

 Spells                   Type           Power      Damage    Failure   Level
 Maxwell's Capacitive Co  Air            8%         ∞         100%        8
 Freeze                   Ice            100%       1d10      0%          1
 Searing Ray              Conj           100%       2d8       0%          2
 Hailstorm                Conj/Ice       76%        3d16      0%          3
 Foxfire                  Conj/Fire      100%       2x1d9     1%          1
 Momentum Strike          Conj/Tloc      100%       3d10      1%          2
 Dazzling Flash           Conj/Hex       100%       N/A       1%          3
 Fulminant Prism          Conj/Hex       26%        3d13      1%          4
 Fireball                 Conj/Fire      26%        3d12      1%          5
 Irradiate                Conj/Tmut      26%        3d20      1%          5
 Lightning Bolt           Conj/Air       26%        1d42      1%          5
 Kindle Blastsparks       Fire/Tloc/Air  40%        2d13      2%          3
 Inner Flame              Hex/Fire       17%        N/A       3%          3
 Slow                     Hex            68%        N/A       4%          1
 Sting                    Tmut/Pois      68%        1d6       4%          1
 Lesser Beckoning         Tloc           52%        N/A       5%          3
 Iron Shot                Conj/Erth      26%        9d6       5%          6
 Starburst                Conj/Fire      26%        6d8       5%          6
 Cigotuvi's Dreadful Rot  Necr/Pois/Air  34%        N/A       6%          2
 Airstrike                Air            8%         2d(2-18)  11%         4
 Confusing Touch          Hex            17%        N/A       13%         3
 Vampiric Draining        Necr           17%        2d7       13%         3
 Lee's Rapid Deconstruct  Erth           8%         3d7*      28%         5
 Cause Fear               Hex            8%         N/A       38%         4
 Dispel Undead            Necr           17%        3d10      38%         4
 Summon Lightning Spire   Summ/Air       17%        N/A       38%         4
 Summon Forest            Summ/Tloc      10%        N/A       58%         5
 Blade Hands              Tmut           8%         N/A       75%         5
 Eringya's Noxious Bog    Tmut/Pois      8%         N/A       82%         6
 Death Channel            Necr           8%         N/A       100%        6
 Dragon Form              Tmut           8%         N/A       100%        7
 Summon Hydra             Summ           8%         N/A       100%        7
 Discord                  Hex            8%         N/A       100%        8


Dungeon Overview and Level Annotations

Branches:
Dungeon (15/15)            Temple (1/1) D:7            Lair (5/5) D:9
 Shoals (4/4) Lair:2       Spider (4/4) Lair:2        Slime (1/5) Lair:5
    Orc (2/2) D:11            Elf (0/3) Orc:2        Vaults (0/5) D:13
 Depths (0/4) D:15

Altars:
Ashenzari
Cheibriados
Dithmenos
Elyvilon
Fedhas
Hepliaklqana
Kikubaaqudgha
Makhleb
Nemelex Xobeh
Okawaru
Sif Muna
Trog
Uskayaw
Vehumet
Wu Jian
Xom
Yredelemnul
Zin
The Shining One
Jiyva

Shops:
D:7 [   Orc:2 [*[(   Shoals:3 (

Portals:
Hell: Lair:5
Trove: D:12 (give +3 gold dragon scales)

Annotations:
Shoals:3 Bai Suzhen
Shoals:4 Mara


Innate Abilities, Weirdness & Mutations

You can spit globs of acid.
Your golden yellow scales are hard. (AC +10)
You cannot fit into any form of body armour.
You have acidic saliva.
You are cold-blooded and may be slowed by cold attacks.
You are resistant to acid. (rCorr)
You are dopey. (Int -2)


Message History

Bai Suzhen breathes water at you. The torrent of water hits you!!
* * * LOW HITPOINT WARNING * * *
The wave splashes down.
Splash!
You fall into the shallow water.
Moving in this stuff is going to be slow.
You hear a shout!
You hit Bai Suzhen.
Bai Suzhen is severely wounded.
You are standing in a thunderstorm.
Bai Suzhen bites you!
* * * LOW HITPOINT WARNING * * *
Bai Suzhen barely misses you. Bai Suzhen tramples you.
* * * LOW HITPOINT WARNING * * *
You stumble backwards!
You slice Bai Suzhen!!
Your tail-slap misses Bai Suzhen.
Bai Suzhen is severely wounded.
You are standing in a thunderstorm.
You are struck by lightning!
You resist.
* * * LOW HITPOINT WARNING * * *
You completely miss Bai Suzhen. You bite Bai Suzhen, but do no damage.
Bai Suzhen is severely wounded.
You are standing in a thunderstorm.
Bai Suzhen bites you!
* * * LOW HITPOINT WARNING * * *
Bai Suzhen claws you.
* * * LOW HITPOINT WARNING * * *
Bai Suzhen tramples you.
* * * LOW HITPOINT WARNING * * *
You hold your ground!
You slice Bai Suzhen!! You tail-slap Bai Suzhen.
Bai Suzhen is almost dead.
You are standing in a thunderstorm.
You are struck by lightning!
You resist.
* * * LOW HITPOINT WARNING * * *
A merfolk avatar comes into view.
You slice Bai Suzhen!! You bite Bai Suzhen, but do no damage.
Bai Suzhen is almost dead.
You are standing in a thunderstorm.
Bai Suzhen bites you!
* * * LOW HITPOINT WARNING * * *
Bai Suzhen claws you but does no damage.
Bai Suzhen tramples you!
You die...

≈≈≈≈≈≈~~~~~~.........:.......~~~
≈≈≈≈≈≈~~..~~~m.....~~~.....~(~~~
≈≈≈≈≈≈~~..~....~..§~~......~~~~~
≈≈≈≈≈≈≈~~~~......#.>~...~~~~~~~~
≈≈≈≈≈≈≈≈~~~.....[##~~#...~~~~~≈≈
≈≈≈≈≈≈~~.....~...~§~~##.~~≈≈≈≈≈≈
≈≈≈≈≈≈~~....~..§§§......~~≈≈≈≈≈≈
≈≈≈≈≈≈~~..~~~~.§D§.......~≈≈≈≈≈≈
≈≈≈≈≈≈~~..~~~~~@§§~....~~~≈≈≈≈≈≈
≈≈≈≈≈≈~~~~~~...~~~~~~~~~≈≈≈≈≈
≈≈≈≈≈≈≈≈≈≈~~...~~~~~~~≈≈≈≈≈≈
≈≈≈≈≈≈≈≈≈≈≈~~~..≈≈≈≈≈≈≈≈≈≈≈≈
≈≈≈≈≈≈≈≈≈≈≈~~~~~~≈≈≈≈≈≈≈≈≈≈≈
≈≈≈≈≈≈≈≈≈≈≈≈≈~~≈≈≈≈≈≈≈≈≈≈≈≈≈
≈≈≈≈≈≈≈≈≈≈≈≈≈≈≈≈≈≈≈≈≈≈≈
≈≈≈≈≈≈≈≈≈≈≈≈≈≈≈≈≈≈≈≈≈≈
≈≈≈≈≈≈≈≈≈≈≈≈≈≈≈≈≈


You could see Bai Suzhen (clouds, catching breath) and a merfolk avatar.

Vanquished Creatures
  A kraken (Shoals:1)
  Polyphemus (Shoals:3)
  Kirke (Spider:2)
  2 slime creatures (D:13)
  7 emperor scorpions
  4 ghost moths
  2 orc warlords
  A broodmother (Spider:4)
  Nessos (Lair:5)
  3 spark wasps
  A dire elephant (Lair:5)
  6 merfolk impalers
  A merfolk javelineer (Shoals:2)
  An ettin (D:15)
  2 entropy weavers
  Fannar (D:11)
  4 hydras
  A vault guard (D:13)
  2 catoblepae
  9 two-headed ogres
  A jorogumo (Spider:1)
  2 merfolk avatars (Shoals:3)
  8 radroaches
  Erica (D:8)
  10 boulder beetles
  2 centaur warriors
  8 death scarabs (Spider:4)
  4 tengu warriors
  A shock serpent (shapeshifter) (D:11)
  2 death yaks (Shoals:3)
  3 merfolk aquamancers
  Nergalle (Lair:3)
  A sun demon (Lair:5)
  5 pharaoh ants
  3 skeletal warriors (D:15)
  13 sea snakes
  A fire crab (Lair:5)
  2 sun moths (Spider:1)
  4 steelbarb worms
  10 orb spiders
  The ghost of lotum the Cleaver, a novice NaFi of Okawaru (D:5)
  3 deep trolls (D:15)
  A necromancer (D:15)
  2 orc knights
  2 wizards
  A lindwurm (Lair:5)
  13 harpies (Shoals:3)
  5 oklob plants
  3 orc sorcerers (Orc:2)
  19 wolf spiders
  A wolf spider zombie (Spider:4)
  7 ugly things
  5 moths of wrath
  10 manticores
  5 fauns (Shoals:2)
  8 cyclopes
  6 black mambas
  3 merfolk sirens
  A guardian serpent (D:13)
  An elephant (Lair:5)
  4 water nymphs
  Maurice (D:13)
  6 torpor snails
  3 gargoyles
  7 demonic crawlers
  A cane toad (shapeshifter) (D:11)
  5 cane toads
  2 yaktaurs
  6 unseen horrors
  2 spectral redbacks (Spider:4)
  A yaktaur (shapeshifter) (D:15)
  5 rime drakes
  The ghost of Atlas the Firebug, a novice DsFE of Vehumet (D:7)
  6 komodo dragons
  2 freezing wraiths (D:11)
  An efreet (D:14)
  Psyche (D:8)
  3 ice devils (Lair:5)
  A hellwing (Lair:5)
  2 tengu conjurers
  2 polar bears
  3 red devils (Lair:5)
  6 meliai
  3 wind drakes
  10 hornets (Spider:3)
  4 trolls
  A culicivora zombie (Spider:4)
  11 blink frogs
  2 spectral culicivoras (Spider:4)
  4 spectral jumping spiders (Spider:4)
  3 spectral tarantellas (Spider:4)
  26 merfolk
  28 tarantellas
  6 snapping turtles
  9 dream sheep
  Sigmund (D:3)
  2 jumping spiders (shapeshifter)
  A tarantella zombie (Spider:4)
  35 jumping spiders
  A shadow (D:12)
  12 culicivoras
  2 vampires
  3 wraiths
  A human (Spider:2)
  11 water elementals
  5 wyverns
  5 hogs (Spider:3)
  4 basilisks
  21 yaks
  Grum (D:9)
  61 redbacks
  13 vampire mosquitoes
  A steam dragon (D:8)
  4 acid dragons
  8 wargs
  12 water moccasins
  4 hell hounds (Lair:5)
  39 orc warriors
  2 sky beasts (D:6)
  An ice beast (D:8)
  9 ogres
  4 boggarts (D:14)
  2 wolves (D:9)
  14 centaurs
  A phantom (D:5)
  5 kobold brigands
  10 bullfrogs
  4 gnoll sergeants
  A water moccasin zombie (D:4)
  10 scorpions
  A wight (D:7)
  7 killer bees
  8 howler monkeys
  3 electric eels
  A bullfrog zombie (D:5)
  A centaur zombie (D:4)
  3 jellies
  2 bullfrog skeletons (D:5)
  26 orc priests
  5 hounds
  A gnoll bouda (D:5)
  Ijyb (D:5)
  13 hell rats (Lair:5)
  A scorpion zombie (D:4)
  37 orc wizards
  A hound skeleton (D:4)
  A howler monkey zombie (D:5)
  31 gnolls
  7 adders
  8 river rats (Lair:5)
  3 shadow imps (D:7)
  An ufetubus (D:7)
  2 adder zombies (D:4)
  A worm (Lair:2)
  3 dart slugs
  113 orcs
  10 ball pythons
  7 bats
  7 endoplasms
  3 giant cockroaches
  4 goblins
  13 hobgoblins
  19 jackals
  A quokka (D:4)
  A frilled lizard (D:2)
  30 kobolds
  8 rats
  A bush (Lair:5)
1103 creatures vanquished.

Vanquished Creatures (others)
  A bush (Shoals:2)
  28 fungi
  155 plants
  4 tentacles (Shoals:1)
  A withered plant (D:4)
189 creatures vanquished.

Grand Total: 1292 creatures vanquished

Notes
Turn   | Place    | Note
-------+----------+-------------------------------------------
     0 | D:1      | experimilk the Draconian Conjurer began the quest for the
                  | Orb.
     0 | D:1      | Reached XP level 1. HP: 14/14 MP: 3/3
   248 | D:1      | Reached XP level 2. HP: 20/20 MP: 0/5
  1196 | D:2      | Found the +7 staff of the Meek {protect, meekguard}
  1589 | D:2      | Reached skill level 5 in Conjurations
  1594 | D:2      | Reached XP level 3. HP: 26/26 MP: 1/6
  1821 | D:2      | Learned a level 2 spell: Searing Ray
  1913 | D:2      | Reached XP level 4. HP: 33/33 MP: 3/7
  2769 | D:3      | Noticed Sigmund
  2798 | D:3      | Killed Sigmund
  2799 | D:3      | Reached XP level 5. HP: 22/38 MP: 1/8
  3037 | D:3      | Reached XP level 6. HP: 42/45 MP: 4/9
  3434 | D:3      | Found a blossoming altar of Fedhas.
  4797 | D:5      | Entered Level 5 of the Dungeon
  4814 | D:5      | Noticed a water moccasin
  4823 | D:5      | Killed a water moccasin
  4824 | D:5      | Your scales start taking on a golden yellow colour.
  4824 | D:5      | Reached XP level 7. HP: 11/50 MP: 1/10
  4824 | D:5      | Gained mutation: You are resistant to acid. (rCorr) [Yellow
                  | Draconian growth]
  4900 | D:5      | Learned a level 7 spell: Ozocubu's Refrigeration
  4935 | D:5      | Reached skill level 1 in Ice Magic
  4965 | D:5      | Reached skill level 2 in Ice Magic
  5068 | D:5      | Noticed Ijyb
  5074 | D:5      | Killed Ijyb
  5075 | D:5      | Reached skill level 3 in Ice Magic
  5110 | D:5      | Found a transporter.
  5111 | D:5      | Noticed lotum's ghost (novice NaFi)
  5181 | D:5      | Noticed a +0 dagger
  5188 | D:5      | Identified the +4 falchion "Siemiruo" {venom, *Corrode
                  | Str+5 Dex+6 Stlth+}
  5190 | D:5      | Upgraded the game from 0.30-a0-469-g84de5afbc5 to
                  | 0.30-a0-475-g03497ec522
  5410 | D:5      | Found a transporter.
  5609 | D:5      | Reached skill level 4 in Ice Magic
  5668 | D:5      | Reached XP level 8. HP: 53/57 MP: 4/12
  5968 | D:5      | Reached skill level 5 in Ice Magic
  6994 | D:5      | Reached skill level 6 in Ice Magic
  7044 | D:5      | Noticed a +0 hand axe
  7046 | D:5      | Found a hide-covered altar of Uskayaw.
  7599 | D:6      | Reached skill level 7 in Ice Magic
  7910 | D:6      | Reached XP level 9. HP: 62/62 MP: 9/16
  8124 | D:6      | Learned a level 3 spell: Ozocubu's Armour
  8128 | D:6      | Learned a level 3 spell: Frozen Ramparts
  8417 | D:7      | Reached skill level 5 in Spellcasting
  8422 | D:7      | Reached skill level 8 in Ice Magic
  8555 | D:7      | Found Cheibriados's Comfort Zone.
  8557 | D:7      | Found a snail-covered altar of Cheibriados.
  8693 | D:7      | Found a broken altar of Ashenzari.
  8802 | D:7      | Found a staircase to the Ecumenical Temple.
  8859 | Temple   | Entered the Ecumenical Temple
  8892 | Temple   | Became a worshipper of Vehumet
  9101 | D:7      | Noticed Atlas's ghost (novice DsFE)
  9115 | D:7      | Found a transporter.
  9127 | D:7      | Noticed an oklob plant
  9130 | D:7      | Found a transporter.
  9234 | D:7      | Found a shimmering blue altar of Sif Muna.
  9241 | D:7      | Got Sif Muna's Vellum of Wintry Intoxication
  9373 | D:7      | Found a bloodstained altar of Trog.
  9702 | D:8      | Noticed Psyche
  9713 | D:8      | Killed Psyche
  9714 | D:8      | Reached skill level 9 in Ice Magic
 10148 | D:8      | Reached * piety under Vehumet
 10148 | D:8      | Offered knowledge of Foxfire by Vehumet.
 10150 | D:8      | Reached skill level 10 in Ice Magic
 10426 | D:8      | Noticed a two-headed ogre
 10437 | D:8      | Killed a two-headed ogre
 10438 | D:8      | Reached XP level 10. HP: 60/69 MP: 4/19
 10464 | D:8      | Reached skill level 11 in Ice Magic
 11101 | D:8      | Learned a level 4 spell: Iskenderun's Mystic Blast
 11338 | D:8      | Noticed Erica
 11344 | D:8      | Killed Erica
 11345 | D:8      | Reached skill level 12 in Ice Magic
 11670 | D:9      | Noticed a two-headed ogre
 11676 | D:9      | Killed a two-headed ogre
 11783 | D:9      | Reached skill level 13 in Ice Magic
 11870 | D:9      | Noticed Grum
 11880 | D:9      | Killed Grum
 12040 | D:9      | Reached ** piety under Vehumet
 12402 | D:9      | Found a staircase to the Lair.
 12411 | D:9      | Offered knowledge of Kiss of Death by Vehumet.
 12688 | D:9      | Reached XP level 11. HP: 74/74 MP: 5/20
 13199 | D:10     | Entered Level 10 of the Dungeon
 13210 | D:10     | Reached skill level 1 in Evocations
 13286 | D:10     | Found a snail-covered altar of Cheibriados.
 13287 | D:10     | Found an ancient bone altar of Kikubaaqudgha.
 13287 | D:10     | Found a hazy altar of Hepliaklqana.
 13289 | D:10     | Found a glowing silver altar of Zin.
 13289 | D:10     | Found a sparkling altar of Nemelex Xobeh.
 13292 | D:10     | Found a white marble altar of Elyvilon.
 13292 | D:10     | Found an iron altar of Okawaru.
 13293 | D:10     | Found a shadowy altar of Dithmenos.
 13334 | D:10     | Found a basalt altar of Yredelemnul.
 13334 | D:10     | Found a glowing golden altar of the Shining One.
 13335 | D:10     | Found an ornate altar of the Wu Jian Council.
 13534 | D:10     | Reached skill level 14 in Ice Magic
 14138 | D:10     | Offered knowledge of Ignite Poison by Vehumet.
 14934 | D:10     | Found a runed translucent door.
 15326 | D:10     | Reached *** piety under Vehumet
 15623 | D:11     | Noticed a boulder beetle
 15956 | D:11     | Found a staircase to the Orcish Mines.
 15987 | D:11     | Noticed a brown ugly thing
 15996 | D:11     | Killed a brown ugly thing
 16707 | Lair:1   | Entered Level 1 of the Lair of Beasts
 16817 | Lair:1   | Reached skill level 15 in Ice Magic
 17129 | Lair:1   | Reached skill level 10 in Conjurations
 17488 | Lair:1   | Learned a level 2 spell: Blink
 18862 | Lair:2   | Found a staircase to the Shoals.
 19013 | Lair:2   | Reached XP level 12. HP: 81/81 MP: 8/21
 19383 | Lair:2   | Offered knowledge of Flame Wave by Vehumet.
 19466 | Lair:2   | Found a hole to the Spider Nest.
 19521 | Lair:2   | Reached skill level 1 in Fighting
 19984 | Lair:3   | Noticed a catoblepas
 19992 | Lair:2   | Killed a catoblepas
 21003 | Lair:3   | Noticed Nergalle
 21009 | Lair:3   | Killed Nergalle
 21484 | Lair:4   | Noticed a five-headed hydra
 21490 | Lair:4   | Killed a five-headed hydra
 23050 | Lair:4   | Identified the +9 mace of the End {vorpal, rElec MP+9}
 23826 | Lair:5   | Entered Level 5 of the Lair of Beasts
 23834 | Lair:5   | Reached **** piety under Vehumet
 23835 | Lair:5   | Offered knowledge of Freezing Cloud by Vehumet.
 23840 | Lair:5   | Reached skill level 5 in Fighting
 24118 | Lair:5   | Reached XP level 13. HP: 100/100 MP: 25/25
 24334 | Lair:5   | Reached skill level 5 in Dodging
 24844 | Lair:5   | Learned a level 5 spell: Freezing Cloud
 25529 | Lair:5   | Found a viscous altar of Jiyva.
 25529 | Lair:5   | Found a staircase to the Slime Pits.
 25675 | Lair:5   | Noticed Nessos
 25693 | Lair:5   | Killed Nessos
 26365 | Lair:5   | Found a burning altar of Makhleb.
 26378 | Lair:5   | Reached ***** piety under Vehumet
 26524 | Lair:5   | Offered knowledge of Iron Shot by Vehumet.
 26602 | Lair:5   | Found a gateway to Hell.
 26653 | Lair:5   | Noticed a dire elephant
 26660 | Lair:5   | Killed a dire elephant
 26661 | Lair:5   | Reached skill level 16 in Ice Magic
 27346 | D:11     | Noticed Fannar
 27368 | D:11     | Killed Fannar
 27369 | D:11     | Reached skill level 1 in Translocations
 28283 | D:11     | Identified the +6 scale mail of Vimit {rF+ SInv}
 28468 | D:11     | Learned a level 6 spell: Iron Shot
 28956 | D:11     | Found a runed translucent door.
 28956 | D:11     | Found a runed translucent door.
 29163 | D:11     | Gained mutation: You have acidic saliva. [Yellow Draconian
                  | growth]
 29163 | D:11     | Reached XP level 14. HP: 99/110 MP: 9/27
 29344 | Orc:1    | Entered Level 1 of the Orcish Mines
 29528 | Orc:1    | Reached skill level 1 in Maces & Flails
 30051 | Orc:1    | Noticed an orc warlord
 30059 | Orc:1    | Killed an orc warlord
 30542 | Orc:2    | Entered Level 2 of the Orcish Mines
 30941 | Orc:2    | Found a staircase to the Elven Halls.
 30959 | Orc:2    | Offered knowledge of Orb of Destruction by Vehumet.
 30969 | Orc:2    | Learned a level 7 spell: Orb of Destruction
 30973 | Orc:2    | Noticed an orc warlord
 30977 | Orc:2    | Killed an orc warlord
 31838 | Orc:2    | Found Vitwar's Armour Shop.
 32048 | Orc:2    | Found Kech's General Store.
 32053 | Orc:2    | Bought a scroll of butterflies for 52 gold pieces
 32053 | Orc:2    | Bought a scroll of enchant armour for 97 gold pieces
 32309 | Orc:2    | Found Canig's Antique Armour Emporium.
 32311 | Orc:2    | Found Joanuth's Antique Weapon Shoppe.
 32324 | Orc:2    | Upgraded the game from 0.30-a0-475-g03497ec522 to
                  | 0.30-a0-476-g330ca2eb8e
 32582 | D:12     | Identified a scroll of acquirement
 32583 | D:12     | Acquired 915 gold pieces
 32660 | D:12     | Offered knowledge of Spellforged Servitor by Vehumet.
 32741 | D:12     | Found a portal to a secret trove of treasure.
 33487 | D:13     | Reached skill level 15 in Conjurations
 33651 | D:13     | Reached skill level 1 in Shields
 33661 | D:13     | Reached skill level 10 in Spellcasting
 34163 | D:13     | Noticed Maurice
 34165 | D:13     | Killed Maurice
 34932 | D:13     | Found a gate to the Vaults.
 35853 | D:14     | Identified the +11 war axe of Intense Absolution {speed,
                  | rElec rPois Str+5 Dex-3}
 35934 | D:14     | Identified the +8 war axe "Tyzocw" {freeze, rN+}
 36271 | D:14     | Reached skill level 1 in Axes
 36653 | D:14     | Reached XP level 15. HP: 115/115 MP: 21/30
 37156 | D:15     | Entered Level 15 of the Dungeon
 37296 | D:15     | Offered knowledge of Conjure Ball Lightning by Vehumet.
 37391 | D:15     | Reached skill level 5 in Shields
 37444 | D:15     | Found a staircase to the Depths.
 38232 | Slime:1  | Entered Level 1 of the Pits of Slime
 38316 | Spider:1 | Entered Level 1 of the Spider Nest
 38329 | Spider:1 | Gained mutation: You are dopey. (Int -2) [mutagenic glow]
 39690 | Spider:1 | Offered knowledge of Arcjolt by Vehumet.
 40349 | Spider:1 | Noticed an emperor scorpion
 40364 | Spider:1 | Killed an emperor scorpion
 40365 | Spider:1 | Reached skill level 17 in Ice Magic
 40690 | Spider:1 | Identified the +3 dagger of Ypsog {distort, rF- Will+
                  | Int+3}
 41315 | Spider:2 | Identified the +10 falchion of the Smoking Dove {drain,
                  | *Slow rN+++ Will+++ Stlth+}
 42338 | Spider:2 | Reached skill level 18 in Ice Magic
 42338 | Spider:2 | Reached XP level 16. HP: 127/127 MP: 32/32
 42341 | Spider:3 | Noticed Kirke
 42350 | Spider:2 | Killed Kirke
 43369 | Spider:2 | Reached XP level 17. HP: 116/135 MP: 24/33
 44458 | Spider:3 | Offered knowledge of Yara's Violent Unravelling by Vehumet.
 44928 | Spider:3 | Identified the +2 chain mail of Fortification {Harm rF+
                  | Will++ Int-5}
 46117 | Spider:4 | Entered Level 4 of the Spider Nest
 46767 | Spider:4 | Identified the amulet of Virtue {Spirit -Cast Will+ Str+3
                  | Dex+5}
 47045 | Spider:4 | Offered knowledge of Maxwell's Capacitive Coupling by
                  | Vehumet.
 47256 | Spider:4 | Reached skill level 15 in Spellcasting
 54510 | Spider:4 | Got a gossamer rune of Zot
 54978 | Orc:2    | Bought a potion of flight for 39 gold pieces
 54978 | Orc:2    | Bought a tin of tremorstones (2/2) for 520 gold pieces
 55172 | D:5      | Killed lotum's ghost
 55459 | D:7      | Killed Atlas's ghost
 55721 | D:7      | Reached skill level 5 in Axes
 56524 | Shoals:1 | Entered Level 1 of the Shoals
 56528 | Shoals:1 | Reached XP level 18. HP: 145/145 MP: 25/37
 57295 | Shoals:1 | Identified the +2 leather armour of Quantum Leap {-Tele
                  | rElec rC+}
 58020 | Shoals:1 | Reached skill level 5 in Evocations
 58198 | Shoals:1 | Found a shadowy altar of Dithmenos.
 59043 | Shoals:2 | Found a shimmering altar of Xom.
 59950 | Shoals:2 | Found a blossoming altar of Fedhas.
 61552 | Shoals:3 | Found Wifalet's Weapon Emporium.
 61630 | Shoals:3 | Noticed Polyphemus
 61636 | Shoals:3 | Killed Polyphemus
 62536 | Shoals:4 | Entered Level 4 of the Shoals
 62883 | Shoals:4 | Noticed Mara
 62887 | Shoals:4 | Noticed experimilk's illusion
 62936 | Shoals:4 | Noticed Bai Suzhen
 62961 | Shoals:3 | HP: 9/217 [Bai Suzhen (9)]
 62961 | Shoals:3 | Slain by Bai Suzhen

Illustrated notes

Levels and vault maps discovered:
D:1:      nicolae_arrival_washed_ashore, layout_loops_ring, nrook_uturn
D:2:      layout_loops_ring, minmay_3d_cube
D:3:      minmay_bubble_buster, layout_basic, mainiacjoe_overflow_cross_hatched,
          serial_bayou_lake_a, uniq_sigmund
D:4:      layout_rooms, serial_undead, serial_undead_e, serial_undead_b,
          serial_undead_e, serial_undead_e, grunt_ministairs_8
D:5:      lemuel_castle_with_subvaults [lemuel_castle_interior_carwin_2],
          layout_loops_ring, dancing_weapons_uskayaw, gammafunk_ghost_mausoleum,
          eino_small_chamber_without_monster, uniq_ijyb
D:6:      layout_rooms, chequers_serial_rivers_room_a, minmay_unpleasant_kobolds
D:7:      layout_basic, nzn_overflow_gifts_of_might_and_magic,
          ashenzari_altar_1, minmay_temple_entry_glassed_door,
          nzn_ghost_randoct, kennysheep_cluttered_room, grunt_decor_arrowhead,
          minivault_23, hangedman_decor_points, grunt_ministairs_9,
          minmay_shop_chei, minmay_misc_feat_x
D:8:      layout_loops_corners, minmay_checkerbox, uniq_psyche, uniq_erica
D:9:      layout_roguey, erik_lair_orcish_takeover, uniq_grum
D:10:     layout_gridville, grunt_temple_overflow_open,
          chequers_temple_overflow_statue_of_worship, skrybe_limestone_x,
          lightli_church_of_beogh
D:11:     minmay_the_grid_triangle_9x9_recursive_2_mashed
          [minmay_the_grid_triangle_9x9_prize_top_heavy,
          minmay_the_grid_triangle_9x9_skeleton,
          minmay_the_grid_triangle_9x9_steps,
          minmay_the_grid_triangle_9x9_tough_junction], layout_gridville,
          orc_0_dummy, chequers_serial_rivers_micro_b, minmay_quadrilaterals,
          uniq_fannar
D:12:     layout_gridville, enter_trove_1
D:13:     layout_basic, david_vaults_5, nrook_guardian_serpent_double,
          uniq_maurice
D:14:     layout_irregular_city, minmay_hedge_maze
D:15:     hangedman_depths_entry_civil_slaughter, layout_cave_pools,
          chequers_serial_rivers_large_b
Temple:   hellmonk_temple_beads
Lair:1:   layout_regular_city, fungi_pond_lemuel, nicolae_quartered_pool_medium,
          cheibrodos_lair_caveside_slide, grunt_megastairs_4
Lair:2:   layout_concentric_octagons, elwin_shoals_entry_rocks,
          nicolae_spider_entry_non_spiders, grunt_megastairs_2,
          serial_bayou_shore_b
Lair:3:   layout_gridlike, uniq_nergalle
Lair:4:   minmay_lair_oklob_tunnel, layout_hall_layers
Lair:5:   evil_forest, layout_gridlike, dpeg_slime_entry_enclosed,
          kennysheep_abandoned_house, grunt_megastairs_1, uniq_nessos
Shoals:1: layout_shoals, lemuel_centaur_altar
Shoals:2: argonaut_golden_fleece, layout_shoals, hangedman_feature_mirror,
          nicolae_shoals_circle_sea_wall, yaktaur_hedge
Shoals:3: layout_shoals, serial_shops, shop, uniq_polyphemus
Shoals:4: shoals_end_grunt_ice, layout_shoals, uniq_bai_suzhen, uniq_mara,
          uniq_nikola
Spider:1: layout_spider_delve
Spider:2: layout_spider_delve, hangedman_spider_tarantella_strand
Spider:3: spiders_nest_scorpion_pit, uniq_kirke
Spider:4: floodkiller_spider_rune_tomb, nicolae_orb_stairs
Slime:1:  cheibrodos_slime_lost_civilization_9, layout_caves,
          nicolae_slime_phagocytosis
Orc:1:    layout_caves
Orc:2:    grunt_orc_community_town_hall, layout_caves,
          grunt_orc_community_big_house_2, grunt_orc_community_big_house_1,
          grunt_orc_community_house_2, grunt_orc_community_house_3,
          grunt_orc_community_house_3, grunt_orc_community_house_2,
          grunt_orc_community_house_3

Skill      XL: |  1  2  3  4  5  6  7  8  9 10 11 12 13 14 15 16 17 18 |
---------------+-------------------------------------------------------+-----
Conjurations   | 5 7 8 11 12 13 15 16 17 | 17.1
Ice Magic      | 4 7 10 13 15 16 18 | 18.0
Spellcasting   | 4 6 8 9 11 12 15 | 15.4
Evocations     | 3 6 |  6.0
Dodging        | 4 6 |  6.0
Fighting       | 5 6 7 8 9 |  9.0
Translocations | 2 |  2.1
Maces & Flails | 3 |  3.0
Shields        | 4 6 7 |  7.4
Axes           | 1 2 5 7 |  7.1
Stealth        | |  1.7

Action                   |  1- 3 |  4- 6 |  7- 9 | 10-12 | 13-15 | 16-18 || total
-------------------------+-------+-------+-------+-------+-------+-------++-------
Melee: Spear             |    47 |    28 |       |       |       |       ||    75
       Tailslap          |     4 |     1 |     2 |     6 |    18 |    17 ||    48
       Short sword       |       |    16 |    50 |     3 |       |       ||    69
       Punch             |       |       |     1 |       |       |       ||     1
       Quarterstaff      |       |       |       |    42 |       |       ||    42
       Mace              |       |       |       |       |    71 |       ||    71
       War axe           |       |       |       |       |    52 |    88 ||   140
       Bite              |       |       |       |       |     9 |    13 ||    22
 Cast: Magic Dart        |    52 |    81 |   114 |    92 |    26 |    36 ||   401
       Searing Ray       |       |    21 |    89 |    99 |     4 |       ||   213
       Ozocubu's Armour  |       |       |     3 |    11 |    14 |     6 ||    34
       Frozen Ramparts   |       |       |     2 |    11 |    15 |     5 ||    33
       Iskenderun's Myst |       |       |       |    33 |   166 |   160 ||   359
       Ozocubu's Refrige |       |       |       |    68 |   174 |   100 ||   342
       Freezing Cloud    |       |       |       |       |   207 |   198 ||   405
       Iron Shot         |       |       |       |       |     9 |       ||     9
       Orb of Destructio |       |       |       |       |    83 |    84 ||   167
       Blink             |       |       |       |       |     2 |     3 ||     5
 Abil: Breathe Acid      |       |       |    17 |    38 |    55 |    26 ||   136
Evoke: Wand              |       |       |     1 |    10 |    15 |    10 ||    36
       Lightning rod     |       |       |       |     7 |    18 |    14 ||    39
       Tin of tremorston |       |       |       |       |       |     2 ||     2
  Use: Scroll            |     2 |     3 |     5 |    14 |    15 |     8 ||    47
       Potion            |       |     2 |       |     8 |    10 |    11 ||    31
 Stab: Paralysed         |       |       |       |     5 |       |       ||     5
       Distracted        |       |       |       |       |     1 |       ||     1
Armor: Skin              |    18 |    33 |    64 |    70 |   149 |   172 ||   506
Dodge: Dodged            |    31 |    43 |    68 |   115 |   175 |   145 ||   577
Block: Buckler           |       |       |       |       |    46 |    50 ||    96

Table legend: (Time is in decaauts)
 A = Elapsed time spent in this place.
 B = Non-inter-level travel time spent in this place.
 C = Inter-level travel time spent in this place.
 D = Time resting spent in this place.
 E = Time spent auto-exploring this place.
 F = Levels seen in this place.
 G = Mean time per level.
                   A        B        C        D        E       F      G
               +--------+--------+--------+--------+--------+-----+--------+
         Total |  63470 |  59975 |   3495 |  31429 |  21482 |  32 | 1983.4 |
       Dungeon |  26403 |  24694 |   1709 |   8486 |  13365 |  15 | 1760.2 |
        Temple |     58 |     34 |     24 |      0 |     28 |   1 |   58.0 |
          Lair |  12241 |  11426 |    815 |   6793 |   3411 |   5 | 2448.2 |
        Shoals |   6357 |   6112 |    245 |   3842 |   1503 |   4 | 1589.2 |
   Spider Nest |  15240 |  14716 |    524 |  10891 |   2052 |   4 | 3810.0 |
    Slime Pits |      1 |      1 |      0 |      0 |      0 |   1 |    1.0 |
  Orcish Mines |   3167 |   2990 |    177 |   1416 |   1122 |   2 | 1583.5 |
               +--------+--------+--------+--------+--------+-----+--------+

Top non-repeatable levels by time:
Spider:4: 8582 daAuts
  Lair:2: 3421 daAuts
Spider:2: 3383 daAuts
  Lair:5: 2999 daAuts
    D:11: 2935 daAuts
    D:10: 2855 daAuts
     D:5: 2696 daAuts
  Lair:4: 2633 daAuts
    D:13: 2439 daAuts
     D:9: 2422 daAuts
Shoals:1: 2224 daAuts
Shoals:2: 2066 daAuts
     D:8: 2047 daAuts
Shoals:3: 1992 daAuts
  Lair:1: 1984 daAuts
